 Dungeon Crawl Stone Soup version 0.25-a0-413-g3b4b6a4 (webtiles) character file.

Game seed: 3153814247788871669, levelgen mode: deterministic

337 BlueFish the Conjurer (level 6, 0/46 HPs)
             Began as a Draconian Conjurer on Jan 15, 2020.
             Slain by Duvessa
             ... wielding a +3 short sword
              (12 damage)
             ... on level 4 of the Dungeon.
             The game lasted 00:15:55 (3850 turns).

BlueFish the Conjurer (Draconian Conjurer)          Turns: 3850, Time: 00:15:56

Health: 0/46       AC:  6    Str: 11    XL:     6   Next: 28%
Magic:  7/12       EV: 12    Int: 16    God:
Gold:   106        SH:  0    Dex: 12    Spells: 7/13 levels left

rFire    . . .     SeeInvis .   g - +0 dagger
rCold    . . .     Gourm    .   (no shield)
rNeg     . . .     Faith    .   (armour unavailable)
rPois    .         Spirit   .   (helmet restricted)
rElec    .         Reflect  .   (no cloak)
rCorr    .         Harm     .   (no gloves)
MR       .....                  (no boots)
Stlth    +.........             (no amulet)
HPRegen  0.15/turn              f - ring of attention (curse)
MPRegen  0.13/turn              (no ring)

@: no status effects
A: unfitting armour, cold-blooded, AC +6
a: no special abilities


You were on level 4 of the Dungeon.
You were not hungry.

You visited 1 branch of the dungeon, and saw 4 of its levels.

You collected 106 gold pieces.

Inventory:

Hand Weapons
 g - a +0 dagger (weapon)
Jewellery
 f - a cursed ring of attention (left hand)
 h - an uncursed ring of ice
Scrolls
 e - a scroll of teleportation
 j - 2 scrolls of amnesia
 k - 2 scrolls of enchant weapon
 n - a scroll of blinking
 p - a scroll of magic mapping
Potions
 c - 2 potions of brilliance
 l - a potion of lignification
Comestibles
 a - 2 chunks of flesh
 b - 4 rations


   Skills:
 + Level 0.8 Fighting
 + Level 1.2 Short Blades
 + Level 2.3 Dodging
 + Level 2.3 Stealth
 * Level 4.3 Spellcasting
 + Level 5.5 Conjurations


You had 7 spell levels left.
You knew the following spells:

 Your Spells              Type           Power        Failure   Level  Hunger
a - Magic Dart            Conj           ###.         1%          1    None
b - Searing Ray           Conj           ###...       2%          2    ##.....
c - Dazzling Flash        Conj/Hex       ##....       16%         3    ###....

Your spell library contained the following spells:

 Spells                   Type           Power        Failure   Level  Hunger
 Fulminant Prism          Conj/Hex       ##........   45%         4    ####...
 Iskenderun's Mystic Bla  Conj/Tloc      ##......     45%         4    ####...


Dungeon Overview and Level Annotations

Branches:
Dungeon (4/15)
 Temple: D:4-7

Altars:
Hepliaklqana

Annotations:
D:3 1 runed translucent door, Trismagistus's ghost, amateur DEVM
D:4 Duvessa


Innate Abilities, Weirdness & Mutations

Your plain brown scales are hard. (AC +6)
You cannot fit into any form of body armour.
You are cold-blooded and may be slowed by cold attacks.


Message History

(Press . to maintain the ray.) Dowan casts a spell at you.
The puff of frost hits you!
The searing ray hits Dowan but does no damage.
Dowan is almost dead.
The searing ray hits Duvessa!
Duvessa is moderately wounded.
Dowan hits you but does no damage.
The searing ray hits Dowan!
You kill Dowan!
Duvessa screams, "No!
How DARE you!"
Duvessa goes berserk!
The searing ray hits Duvessa.
Duvessa is moderately wounded.
Duvessa hits you with a +3 short sword!
The searing ray misses Duvessa.
You finish channeling your searing ray.
Duvessa closely misses you. Duvessa hits you with a +3 short sword!
* * * LOW HITPOINT WARNING * * *
Duvessa hits you with a +3 short sword!
You die...

#.<###.## ### ##.>#
##......#####.### ##..
#..#...).......#####..
#####......####.......
###..### #####... ####
##.. ##############..
###.........##....
#######@e...............
#..#...################.
###(.### #. #### ##)
#<## #########.. ##..##
#.......[.. #....##
#...####... ##.###.##
#..## ##.. #<## #..#
#..# #..


You could see Duvessa (berserk).

Vanquished Creatures
  Dowan (D:4)
  An orc wizard (D:4)
  An orc priest (D:4)
  Natasha (thrice) (D:2)
  6 adders
  A shadow imp (D:3)
  2 worms
  3 dart slugs
  3 leopard geckos (D:3)
  6 orcs (D:4)
  8 bats
  3 giant cockroaches
  9 goblins
  4 hobgoblins
  3 jackals (D:1)
  A quokka (D:2)
  3 ball pythons
  10 frilled lizards
  11 kobolds
  5 rats
84 creatures vanquished.

Notes
Turn   | Place    | Note
-------+----------+-------------------------------------------
     0 | D:1      | BlueFish the Draconian Conjurer began the quest for the
                  | Orb.
     0 | D:1      | Reached XP level 1. HP: 14/14 MP: 3/3
   257 | D:1      | Reached XP level 2. HP: 18/20 MP: 0/5
   268 | D:1      | Learned a level 2 spell: Searing Ray
  1227 | D:2      | Reached XP level 3. HP: 26/26 MP: 1/6
  1449 | D:2      | Noticed Natasha
  1453 | D:2      | Killed Natasha
  1453 | D:2      | Reached XP level 4. HP: 28/33 MP: 3/8
  1603 | D:2      | Noticed Natasha
  1613 | D:2      | Killed Natasha
  1631 | D:2      | Noticed Natasha
  1637 | D:2      | Killed Natasha
  1637 | D:2      | Reached skill level 1 in Short Blades
  1637 | D:2      | Reached skill level 5 in Conjurations
  1876 | D:2      | Reached XP level 5. HP: 34/39 MP: 4/9
  1881 | D:2      | Learned a level 3 spell: Dazzling Flash
  2661 | D:3      | Noticed Trismagistus's ghost (amateur DEVM)
  2669 | D:3      | Found a runed translucent door.
  3025 | D:4      | Noticed Duvessa
  3025 | D:4      | Noticed Dowan
  3391 | D:4      | Reached XP level 6. HP: 46/46 MP: 7/12
  3798 | D:4      | Found a hazy altar of Hepliaklqana.
  3848 | D:4      | Killed Dowan
  3850 | D:4      | Slain by Duvessa

Levels and vault maps discovered:
D:1:      dpeg_arrival_leaves_temple_mockup, layout_loops_corners
D:2:      layout_basic, chequers_serial_rivers_micro_a, uniq_natasha
D:3:      layout_basic, hellmonk_ghost_happy_afterlife
D:4:      layout_layer_cave, nicolae_overflow_crystal_walls, serial_shops,
          nicolae_shop_trees, uniq_duvessa, uniq_edmund

Skill      XL: |  1  2  3  4  5 |
---------------+----------------+-----
Dodging        | 2 |  2.3
Stealth        | 2 |  2.3
Spellcasting   | 3 4 |  4.3
Short Blades   | 1 |  1.2
Conjurations   | 5 |  5.5
Fighting       | |  0.8

Action                   |  1- 3 |  4- 6 || total
-------------------------+-------+-------++-------
Melee: Dagger            |    58 |    21 ||    79
       Unarmed           |     2 |       ||     2
       Tailslap          |     7 |     4 ||    11
 Cast: Magic Dart        |    52 |   100 ||   152
       Searing Ray       |     1 |    11 ||    12
  Use: Scroll            |     6 |     6 ||    12
       Potion            |       |     3 ||     3
  Eat: Chunk             |     2 |     8 ||    10
Armor: Skin              |    24 |    18 ||    42
Dodge: Dodged            |    34 |    33 ||    67

Table legend:
 A = Non-vault XP
 B = Vault XP
 C = Vault XP percentage of total XP
 D = Non-vault monster count
 E = Vault monster count
 F = Vault count percentage of total count
                 A         B        C        D         E       F
            +---------+---------+-------+---------+---------+-------
      Total |     374 |     108 |  22.4 |      82 |       2 |   2.4
            +---------+---------+-------+---------+---------+-------
        D:1 |      38 |       0 |   0.0 |      23 |       0 |   0.0
        D:2 |     145 |      35 |  19.4 |      28 |       1 |   3.4
        D:3 |      83 |       0 |   0.0 |      21 |       0 |   0.0
        D:4 |     108 |      73 |  40.3 |      10 |       1 |   9.1
            +---------+---------+-------+---------+---------+-------
